AoeStats
← Malay All Day

Arabia

508724145Analyzed
1v1 RM · 8d ago on Sep 23, 2026· 39m 7s· 2 players
Game mode
Random Map
Map size
Tiny (2 player)
Population
200
Speed
Normal
Resources
Standard
Victory
Conquest
Starting age
Dark Age
Ending age
Imperial Age
RankedLock teamsTeams togetherTeam positionsShared explorationLock speedFull tech treeHidden civsTurbo modeCheats
Victory
Defeat
🇿🇦 Hindustanis · South Africa
1139
+16
🇨🇦 Maya · Canada
1129
-16
Malay All Day
0:31 Loom
12:15 Feudal Age
12:50 Double-Bit Axe
12:50 Horse Collar
17:36 Fletching
19:20 Gold Mining
21:21 Wheelbarrow
21:02 Town Watch
24:28 Castle Age
22:16 Town Watch
23:51 Padded Archer Armor
24:41 Elite Skirmisher
25:17 Bodkin Arrow
25:37 Leather Archer Armor
26:21 Bow Saw
26:16 Heavy Plow
26:41 Squires
26:02 Pikeman
26:53 Forging
26:43 Scale Mail Armor
27:43 Hul'che Javelineers
31:33 Iron Casting
31:14 Chain Mail Armor
37:57 Imperial Age
35:42 Eagle Warrior
37:46 Chain Mail Armor
39:16 Plate Mail Armor
s1ipperygold
7:20 Loom
9:42 Feudal Age
10:14 Double-Bit Axe
10:02 Man-at-Arms
12:04 Wheelbarrow
17:34 Fletching
22:59 Castle Age
21:30 Bloodlines
21:27 Horse Collar
21:39 Gold Mining
23:05 Elite Skirmisher
23:10 Light Cavalry
24:11 Bodkin Arrow
27:27 Bow Saw
28:25 Padded Archer Armor
30:54 Scale Barding Armor
31:05 Leather Archer Armor
33:51 Imperial Age
35:33 Chemistry
35:00 Elite Ghulam
36:01 Conscription
Connection lost

Rejoining the realm…

Still unreachable

The connection could not be restored.

Session expired

The server has moved on; the page needs a fresh start.